AoeStats
← Lucierna111

Four Lakes

510257907Analyzed
1v1 RM · 3d ago on Sep 30, 2026· 39m 46s· 2 players
Game mode
Random Map
Map size
Tiny (2 player)
Population
200
Speed
Normal
Resources
Standard
Victory
Conquest
Starting age
Dark Age
Ending age
Imperial Age
RankedLock teamsTeams togetherTeam positionsShared explorationLock speedFull tech treeHidden civsTurbo modeCheats
Victory
Defeat
🇦🇷 Huns · Argentina
634
+16
🇻🇳 Gurjaras · Vietnam
640
-16
Lucierna111
10:56 Feudal Age
11:28 Double-Bit Axe
14:10 Gold Mining
15:30 Wheelbarrow
20:57 Castle Age
22:41 Fishing Lines
23:14 Fletching
23:51 Bow Saw
23:34 Stone Mining
24:29 Gold Shaft Mining
24:45 Bodkin Arrow
26:30 Scale Mail Armor
26:41 Forging
27:11 Loom
27:52 Chain Mail Armor
28:58 Horse Collar
29:45 Town Watch
35:43 Masonry
37:06 Heavy Plow
37:12 Murder Holes
40:28 Ballistics
giathang.tran.39
0:50 Loom
11:56 Feudal Age
12:24 Double-Bit Axe
12:21 Horse Collar
19:41 Castle Age
17:49 Arson
18:25 Man-at-Arms
19:19 Scale Barding Armor
20:55 Husbandry
23:53 Scale Mail Armor
26:06 Long Swordsman
29:33 Forging
Connection lost

Rejoining the realm…

Still unreachable

The connection could not be restored.

Session expired

The server has moved on; the page needs a fresh start.